Unix NetHack Version 5.0.0-0 post-release - last build Jun 10 2026 00:39:30 (3ee93aec679c4c4259841fe613dc97188e26a321,branch:main).

Game began 2026-06-10 06:07:01, ended 2026-06-10 06:33:26.

FutureTim, lawful female human Valkyrie

                                                        --
                                                        .----
                                                       ...|.-- |
                                                      -..........
                                                    --....G..
                                                 ----.....-
                                                 |.0.f....---
                                                 |...@......|
                                                 --......-- -
                                                  |.....--
                                                  --....|
                                                   |..---
                                                   ----
FutureTim the Skirmisher    St:17 Dx:13 Co:18 In:10 Wi:8 Ch:9  Lawful
Dlvl:9  $:17 HP:0(52) Pw:16(16) AC:2  Xp:5 T:1717 

Latest messages:
 The dwarf thrusts his dagger.
 The dwarf hits!
 What do you want to wield? [- bptvwB or ?*] w
 You are already wielding that!
 You hit the dwarf.
 You hit the dwarf!
 The dwarf thrusts his dagger.
 The dwarf hits!
 You kill the dwarf!
 The dwarf thrusts his dagger.
 The dwarf hits!
 There are several objects here.
 The dwarf thrusts his dagger.
 The dwarf hits!
 You are carrying too much to get through.
 You are carrying too much to get through.
 The dwarf picks up a dwarvish cloak.
 You descend the stairs.
 You hit the gnome.
 The gnome hits!
 You kill the gnome!
 With great effort you move the boulder.
 You miss the housecat.
 The housecat bites!
 You hit the housecat.
 The housecat bites!
 The housecat bites!
 You miss the housecat.
 The housecat bites!
 The housecat bites!
 You hit the housecat.
 The housecat bites!
 You miss the housecat.
 The housecat bites!
 You miss the housecat.
 The housecat bites!
 The housecat bites!
 You miss the housecat.
 The housecat bites!
 You miss the housecat.
 The housecat just misses!
 You miss the housecat.
 The housecat just misses!
 You miss the housecat.
 The housecat misses!
 The housecat bites!
 You miss the housecat.
 The housecat bites!
 You die...
 Do you want your possessions identified? [ynq] (y) q

Inventory:
 Coins    ('$')
  $ - 17 gold pieces
 Weapons  (')')
  t - 20 +0 arrows
  v - a +0 bow
  B - a +0 dart
  b - a +0 dagger (alternate weapon; not wielded)
  w - a +1 spear (weapon in right hand)
 Armor    ('[')
  k - an uncursed +1 orcish helm (being worn)
  x - an uncursed +0 pair of iron shoes (being worn)
  c - an uncursed +3 small shield (being worn)
  y - an uncursed +0 dwarvish cloak (being worn)
 Comestibles  ('%')
  d - 7 uncursed food rations
  z - an uncursed fortune cookie
  m - an uncursed melon
  e - an uncursed tripe ration
 Scrolls  ('?')
  q - an uncursed scroll of blank paper
 Spellbooks  ('+')
  h - an uncursed spellbook of healing
 Potions  ('!')
  a - an uncursed potion of sleeping
 Rings    ('=')
  C - a cursed ring of aggravate monster
  i - a cursed ring of teleportation
 Wands    ('/')
  o - a wand of digging (0:5)
 Tools    ('(')
  u - an empty uncursed sack
  l - an uncursed brass lantern
  p - a +0 pick-axe
  D - an uncursed tallow candle

FutureTim the Valkyrie's attributes:

Background:
 You were a Skirmisher, a level 5 human Valkyrie.
 You were lawful, on a mission for Tyr
 who was opposed by Odin (neutral) and Loki (chaotic).
 You were right-handed.
 You were in the Gnomish Mines, on level 9.
 You entered the dungeon 1717 turns ago.
 You had 183 experience points, 137 more were needed to attain level 6.

Basics:
 You had 0 out of 52 hit points.
 You had all 16 energy points (spell power).
 Your armor class was 2.
 Your wallet contained 17 zorkmids.
 Autopickup was off.

Final Characteristics:
 Your strength was 17 (limit:18/100).
 Your dexterity was 13 (limit:18).
 Your constitution was 18 (limit:18).
 Your intelligence was 10 (limit:18).
 Your wisdom was 8 (limit:18).
 Your charisma was 9 (limit:18).

Final Status:
 You weren't hungry.
 You were unencumbered.
 You were wielding a spear.
 You had basic skill with spear.

Final Attributes:
 You were devoutly aligned.
 Your items were somewhat protected from fire.
 You were cold resistant.
 Your items were somewhat protected from cold.
 You were telepathic.
 You were stealthy.
 You were warded.
 You are dead.

Miscellaneous:
 You didn't encounter any bones levels.
 Total elapsed playing time was 26 minutes and 24 seconds.

Major events:
 Turn
    1: FutureTim the lawful human Valkyrie entered the dungeon
  836: entered the Gnomish Mines
  897: attained the rank of Skirmisher (level 3)
 1717: killed by a housecat

Spells:
 Name                 Level Category     Fail Retention
 healing                1   healing       89%  76%-100%

Skills:
 Fighting Skills
   bare handed combat [Unskilled]
   two weapon combat  [Unskilled]
   riding             [Unskilled]
 Weapon Skills
   dagger             [Basic]
   axe                [Unskilled]
   pick-axe           [Unskilled]
   short sword        [Unskilled]
   broadsword         [Unskilled]
   long sword         [Unskilled]
   two-handed sword   [Unskilled]
   saber              [Unskilled]
   hammer             [Unskilled]
   quarterstaff       [Unskilled]
   polearms           [Unskilled]
   spear              [Basic]
   trident            [Unskilled]
   lance              [Unskilled]
   sling              [Unskilled]
 Spellcasting Skills
   attack spells      [Unskilled]
   escape spells      [Unskilled]

Voluntary challenges:
 Character rerolling was not enabled.
 You never genocided any monsters.
 You never polymorphed an object.
 You never changed form.
 You used no wishes.
Achievements:
 You entered the Gnomish Mines.
 You attained the rank of Skirmisher.

 The Dungeons of Doom: levels 1 to 3
    Level 1:
       A fountain.
    Level 2:
    Level 3:
       Stairs down to The Gnomish Mines.
 The Gnomish Mines: levels 4 to 9
    Level 4:
    Level 5:
    Level 8:
    Level 9: <- You were here.
       Final resting place for
          you, killed by a housecat.


Vanquished creatures:
  3 gnome leaders
  2 floating eyes
  3 dwarves
  a homunculus
  a hobgoblin
  a giant rat
 14 gnomes
  2 geckos
  a jackal
  a fox
  a kobold
  3 goblins
  3 grid bugs
  3 lichens
  6 newts
45 creatures vanquished.

No species were genocided or became extinct.

Game over:
                       ----------
                      /          \
                     /    REST    \
                    /      IN      \
                   /     PEACE      \
                  /                  \
                  |    FutureTim     |
                  |      17 Au       |
                  |   killed by a    |
                  |     housecat     |
                  |                  |
                  |                  |
                  |       2026       |
                 *|     *  *  *      | *
        _________)/\\_//(\/(/\)/\//\/|_)_______

Farvel FutureTim the Valkyrie...

You died in The Gnomish Mines on dungeon level 9 with 1158 points,
and 17 pieces of gold, after 1717 moves.
You were level 5 with a maximum of 52 hit points when you died.

